 Dungeon Crawl Stone Soup version 0.31-a0-152-g6aa68a64a1 (webtiles) character file.

Game seed: 893846992711920487

121 qw the Shooter (level 4, 0/40 HPs)
             Began as a Minotaur Hunter on June 9, 2023.
             Slain by a gnoll
             ... wielding a +0 flail
              (7 damage)
             ... on level 3 of the Dungeon.
             The game lasted 00:00:46 (2132 turns).

qw the Shooter (Minotaur Hunter)                    Turns: 2132, Time: 00:00:47

Health: 0/40       AC:  5    Str: 16    XL:     4   Next: 76%
Magic:  3/3        EV: 11    Int:  6    God:
Gold:   64         SH:  0    Dex: 15    Spells: 3/3 levels left

rFire   . . .        Y - +0 shortbow
rCold   . . .        (shield currently unavailable)
rNeg    . . .        a - +0 ring mail
rPois   .            (helmet restricted)
rElec   .            (no cloak)
rCorr   .            (no gloves)
SInv    .            (no boots)
Will    .....        (no amulet)
Stlth   +            (no ring)
HPRegen 0.26/turn    (no ring)
MPRegen 0.08/turn

%: no passive effects
@: about to teleport
A: horns 2, retaliatory headbutt
a: no special abilities


You were on level 3 of the Dungeon.
You visited 1 branch of the dungeon, and saw 3 of its levels.

You collected 64 gold pieces.


Innate Abilities, Weirdness & Mutations

You have a pair of horns on your head.
You reflexively headbutt those who attack you in melee.


   Skills:
 - Level 4.0 Fighting
 + Level 6.0 Ranged Weapons
 - Level 1.1 Armour
 - Level 2.1 Dodging
 - Level 0.7 Stealth


You had 3 spell levels left.
You didn't know any spells.
Your spell library was empty.

Inventory:

Hand Weapons
 Y - a +0 shortbow (weapon)
Armour
 a - a +0 ring mail (worn)
Scrolls
 b - a scroll of teleportation
 c - 2 scrolls of identify {unknown}
Potions
 d - a potion of cancellation {unknown}
 e - a potion of heal wounds {unknown}
 f - a potion of curing {unknown}
 g - a potion of ambrosia {unknown}

Dungeon Overview and Level Annotations

Branches:
Dungeon (3/15)

Altars:


Message History

You shoot an arrow. The arrow misses the adder.
You shoot an arrow. The arrow hits the adder.
The adder is heavily wounded.
The adder completely misses you.
You shoot an arrow. The arrow misses the adder.
The adder bites you but does no damage. The adder barely misses you.
You shoot an arrow. The arrow closely misses the adder.
The adder bites you. The gnoll closely misses you.
A gnoll comes into view. It is wielding a +0 club.
You shoot an arrow. The arrow barely misses the adder.
The gnoll shouts!
The adder closely misses you. x2
You shoot an arrow. The arrow hits the adder.
The adder is almost dead.
The adder bites you but does no damage. The gnoll hits you with a +0 flail!
The gnoll hits you with a +0 whip!
You shoot an arrow. The arrow hits the adder.
You kill the adder!
The gnoll closely misses you. You furiously retaliate!
You headbutt the gnoll. The gnoll closely misses you.
Your Armour skill increases to level 1!
You shoot an arrow. The arrow closely misses the gnoll.
The gnoll barely misses you. You furiously retaliate!
You headbutt the gnoll. The gnoll hits you but does no damage.
You shoot an arrow.
The arrow hits the gnoll but does no damage.
The gnoll is heavily wounded.
The gnoll hits you with a +0 flail! The gnoll barely misses you.
The gnoll hits you with a +0 club. The gnoll barely misses you.
The gnoll hits you with a +0 club. The gnoll misses you.
2131 ||| READING 2 scrolls of teleportation.
As you read the scroll of teleportation, it crumbles to dust.
You feel strangely unstable. The gnoll hits you with a +0 whip.
The gnoll barely misses you. The gnoll hits you but does no damage.
You shoot an arrow.
The arrow hits the gnoll but does no damage.
The gnoll is moderately wounded.
The gnoll hits you with a +0 flail!
You die...

.. ###...........
#
########.....###
.........###...#
#######..# #..
#.## . #.#######.
###.........
######...########
#...g@..##
#..#.gg### #..###
....# ....> .>..
##. ..


You could see 3 gnolls.

Vanquished Creatures
  Robin (D:1)
  3 adders
  A worm (D:2)
  2 dart slugs
  3 bats
  6 endoplasms
  15 goblins
  7 hobgoblins
  6 quokkas
  9 ball pythons
  5 frilled lizards
  5 kobolds
  9 rats
72 creatures vanquished.

Notes
Turn   | Place    | Note
-------+----------+-------------------------------------------
     0 | D:1      | qw the Minotaur Hunter began the quest for the Orb.
     0 | D:1      | Reached XP level 1. HP: 18/18 MP: 0/0
     0 | D:1      | 0 ||| qw: Version: 0.2-a-120-g592f744
     0 | D:1      | 0 ||| qw: Game counter: 3163
     0 | D:1      | 0 ||| qw: Always use a shield: true
     0 | D:1      | 0 ||| qw: God list: Okawaru
     0 | D:1      | 0 ||| qw: Allow faded altars: false
     0 | D:1      | 0 ||| qw: Do Orc after D:15 true
     0 | D:1      | 0 ||| qw: Do second Lair branch before Depths: true
     0 | D:1      | 0 ||| qw: Lair rune preference: random
     0 | D:1      | 0 ||| qw: Plans: Normal
     0 | D:1      | 0 ||| PLANNING D:1-11
   236 | D:1      | Reached XP level 2. HP: 25/25 MP: 1/1
   252 | D:1      | Reached skill level 5 in Ranged Weapons
   311 | D:1      | Reached skill level 3 in Fighting
   471 | D:1      | Reached XP level 3. HP: 31/31 MP: 2/2
   616 | D:1      | 616 ||| READING scroll labelled XOIQAG QOWAYCH.
   617 | D:1      | 617 ||| READING scroll labelled USIYMN QENNET.
   618 | D:1      | 618 ||| READING scroll labelled KIOLOC BUI.
   619 | D:1      | 619 ||| DROPPING scroll of butterflies.
   627 | D:2      | Noticed Robin
   631 | D:2      | 631 ||| STAIRDANCE
   634 | D:1      | HP: 7/31 [goblin/+0 dagger[Robin] (1)]
   634 | D:1      | HP: 3/31 [goblin/+0 dagger[Robin] (2)]
   635 | D:1      | HP: 1/31 [goblin/+0 dagger[Robin] (2)]
   756 | D:2      | 756 ||| STAIRDANCE
   763 | D:1      | HP: 7/31 [Robin/+0 short sword (5)]
   764 | D:1      | HP: 2/31 [Robin/+0 short sword (5)]
   768 | D:1      | Killed Robin
   886 | D:2      | 886 ||| STAIRDANCE
   922 | D:2      | 922 ||| STAIRDANCE
   961 | D:2      | 961 ||| STAIRDANCE
   981 | D:2      | Reached XP level 4. HP: 38/38 MP: 3/3
  1164 | D:2      | Reached skill level 6 in Ranged Weapons
  1988 | D:2      | 1988 ||| UPGRADING to +0 ring mail.
  1998 | D:2      | 1998 ||| DROPPING +0 leather armour.
  1999 | D:2      | 1999 ||| READING 2 scrolls labelled INGOHES RUISKU.
  2129 | D:3      | Reached skill level 1 in Armour
  2130 | D:3      | HP: 10/40 [gnoll/+0 club (6)]
  2131 | D:3      | 2131 ||| READING 2 scrolls of teleportation.
  2132 | D:3      | Slain by a gnoll

Levels and vault maps discovered:
D:1:      dpeg_arrival_prison, layout_basic, minmay_misc_feat_doors
D:2:      minmay_chambers_of_twos, layout_basic, uniq_robin
D:3:      layout_rooms

Skill      XL: |  1  2  3  4 |
---------------+-------------+-----
Ranged Weapons | 5 6 |  6.0
Fighting       | 3 4 |  4.0
Armour         | 1 |  1.1
Dodging        | |  2.1
Stealth        | |  0.7

Action                     |  1- 3 |  4- 6 || total
---------------------------+-------+-------++-------
   Fire: Shortbow          |   110 |    72 ||   182
    Use: Scroll            |     3 |     2 ||     5
 Armour: Leather armour    |    16 |     1 ||    17
         Ring mail         |       |     5 ||     5
  Dodge: Dodged            |    69 |    20 ||    89

Table legend:
 A = Non-vault XP
 B = Vault XP
 C = Vault XP percentage of total XP
 D = Non-vault monster count
 E = Vault monster count
 F = Vault count percentage of total count
                 A         B        C        D         E       F
            +---------+---------+-------+---------+---------+-------
      Total |     124 |      49 |  28.3 |      51 |      21 |  29.2
            +---------+---------+-------+---------+---------+-------
        D:1 |      57 |      32 |  36.0 |      35 |      10 |  22.2
        D:2 |      49 |      17 |  25.8 |      13 |      11 |  45.8
        D:3 |      18 |       0 |   0.0 |       3 |       0 |   0.0
            +---------+---------+-------+---------+---------+-------
